| TOP OF THE 1ST |
|
Walla Walla Walleyes batting - Pitching for Bellingham Mariners : RHP Anthony Stearns
|
|
Pitching: RHP Anthony Stearns
|
|
|
Batting: SHB Damon Farmar
|
0-0: Called Strike 0-1: Foul Ball, location: 2F 0-2: Strikes out swinging
|
|
Batting: RHB John Cortez
|
0-0: Swinging Strike 0-1: Ground out 4-3 (Groundball, 4MS, EV 83.8 MPH)
|
|
Batting: RHB Curtis Burke
|
0-0: Called Strike 0-1: Called Strike 0-2: Ball 1-2: Ball 2-2: Foul Ball, location: 2F 2-2: Ball 3-2: SINGLE (Line Drive, 4D, EV 99.4 MPH)
|
|
Batting: SHB Mike A Brumley
|
0-0: Ball Curtis Burke steals 2nd base 1-0: Ball 2-0: Called Strike 2-1: Ball 3-1: Foul Ball, location: 2F 3-2: Base on Balls
|
|
Batting: LHB Thomas Gertz
|
0-0: Ground out U3 (Groundball, 3, EV 100.0 MPH)
|
| Top of the 1st over - 0 runs, 1 hit, 0 errors, 2 left on base; Walla Walla 0 - Bellingham 0 |
| BOTTOM OF THE 1ST |
|
Bellingham Mariners batting - Pitching for Walla Walla Walleyes : RHP Jorge Espinoza
|
|
Pitching: RHP Jorge Espinoza
|
|
|
Batting: LHB Dan O'Regan
|
0-0: Fly out, F9 (Flyball, 9S, EV 87.5 MPH)
|
|
Batting: RHB Norm Carrasco
|
0-0: Ball 1-0: Swinging Strike 1-1: Swinging Strike 1-2: Foul Ball, location: 2F 1-2: Fly out, F7 (Flyball, 7LM, EV 88.1 MPH)
|
|
Batting: RHB Juan Delgado
|
0-0: Fly out, F8 (Flyball, 8LM, EV 88.1 MPH)
|
| Bottom of the 1st over - 0 runs, 0 hits, 0 errors, 0 left on base; Walla Walla 0 - Bellingham 0 |
| TOP OF THE 2ND |
|
Walla Walla Walleyes batting - Pitching for Bellingham Mariners : RHP Anthony Stearns
|
|
Batting: LHB Brian Hartsock
|
0-0: Foul Ball, location: 2F 0-1: SINGLE (Line Drive, 7S, EV 90.6 MPH)
|
|
Batting: RHB Wes Kent
|
0-0: Ball 1-0: Foul Ball, location: 2F 1-1: Called Strike 1-2: Ball 2-2: Strikes out swinging
|
|
Batting: SHB Jeff McKnight
|
0-0: Swinging Strike 0-1: Ball 1-1: Called Strike 1-2: SINGLE (Line Drive, 7S, EV 95.6 MPH) Brian Hartsock to second
|
|
Batting: RHB Mitch Lyden
|
0-0: Swinging Strike 0-1: Ball 1-1: Ball 2-1: Fly out, F7 (Flyball, 7, EV 83.1 MPH)
|
|
Batting: SHB Damon Farmar
|
0-0: Swinging Strike 0-1: Ball 1-1: Ball 2-1: Foul Ball, location: 2F 2-2: Ball 3-2: Strikes out swinging
|
| Top of the 2nd over - 0 runs, 2 hits, 0 errors, 2 left on base; Walla Walla 0 - Bellingham 0 |
| BOTTOM OF THE 2ND |
|
Bellingham Mariners batting - Pitching for Walla Walla Walleyes : RHP Jorge Espinoza
|
|
Batting: SHB Paul Felix
|
0-0: Foul Ball, location: 2F 0-1: Ball 1-1: Ball 2-1: Ball 3-1: Called Strike 3-2: Foul Ball, location: 2F 3-2: Base on Balls
|
|
Batting: LHB Daniel Stryffeler
|
0-0: Ball 1-0: Called Strike 1-1: Fielders Choice at 2nd, 3-6 (Groundball, 34S, EV 82.5 MPH)
|
|
Batting: SHB Joseph Henderson
|
0-0: DOUBLE (Groundball, 3L, EV 98.1 MPH) Daniel Stryffeler to third
|
|
Batting: RHB Hector Rivera
|
0-0: Ball 1-0: Foul Ball, location: 2F 1-1: Ball 2-1: Ball 3-1: SINGLE (Groundball, 56D, EV 105.0 MPH) Daniel Stryffeler scores Joseph Henderson to third Runner from 3rd tries for Home, SAFE, throw by LF to home
|
|
Batting: RHB Jeff Datz
|
0-0: Ball 1-0: Called Strike 1-1: Fly out, F7 (Line Drive, 7D, EV 95.0 MPH)
|
|
Batting: RHB Werner Lajszky
|
0-0: Called Strike 0-1: Ball 1-1: Swinging Strike 1-2: Ball 2-2: Foul Ball, location: 2F 2-2: Ball 3-2: Base on Balls Hector Rivera to second
|
|
Batting: LHB Dan O'Regan
|
0-0: Foul Ball, location: 2F 0-1: Foul Ball, location: 2F 0-2: Ball 1-2: Foul Ball, location: 2F 1-2: Foul Ball, location: 2F 1-2: Strikes out looking
|
| Bottom of the 2nd over - 2 runs, 2 hits, 0 errors, 2 left on base; Walla Walla 0 - Bellingham 2 |
| TOP OF THE 3RD |
|
Walla Walla Walleyes batting - Pitching for Bellingham Mariners : RHP Anthony Stearns
|
|
Batting: RHB John Cortez
|
0-0: Swinging Strike 0-1: Called Strike 0-2: Fly out, F5 (Popup, 5L, EV 63.8 MPH)
|
|
Batting: RHB Curtis Burke
|
0-0: Called Strike 0-1: Called Strike 0-2: Ball 1-2: Strikes out swinging
|
|
Batting: SHB Mike A Brumley
|
0-0: Ball 1-0: Ground out U3 (Groundball, 3, EV 101.9 MPH)
|
| Top of the 3rd over - 0 runs, 0 hits, 0 errors, 0 left on base; Walla Walla 0 - Bellingham 2 |
| BOTTOM OF THE 3RD |
|
Bellingham Mariners batting - Pitching for Walla Walla Walleyes : RHP Jorge Espinoza
|
|
Batting: RHB Norm Carrasco
|
0-0: Ball 1-0: Ball 2-0: Ground out 6-3 (Groundball, 6, EV 109.4 MPH)
|
|
Batting: RHB Juan Delgado
|
0-0: SINGLE (Groundball, 6MD, EV 88.1 MPH) (infield hit)
|
|
Batting: SHB Paul Felix
|
0-0: Ball 1-0: Grounds into double play, 4-6-3 (Groundball, 34, EV 89.4 MPH)
|
| Bottom of the 3rd over - 0 runs, 1 hit, 0 errors, 0 left on base; Walla Walla 0 - Bellingham 2 |
| TOP OF THE 4TH |
|
Walla Walla Walleyes batting - Pitching for Bellingham Mariners : RHP Anthony Stearns
|
|
Batting: LHB Thomas Gertz
|
0-0: Ball 1-0: Called Strike 1-1: Foul Ball, location: 2F 1-2: SINGLE (Groundball, 4D, EV 107.5 MPH)
|
|
Batting: LHB Brian Hartsock
|
0-0: Called Strike 0-1: Ball 1-1: Ball 2-1: Ball 3-1: Called Strike 3-2: Fielders Choice at 2nd, 4-6 (Groundball, 4, EV 86.3 MPH)
|
|
Batting: RHB Wes Kent
|
0-0: SINGLE (Flyball, 8RS, EV 91.9 MPH) Brian Hartsock to second Runner from 2nd tries for 3rd, SAFE, throw by CF made to third
|
|
Batting: SHB Jeff McKnight
|
0-0: Called Strike 0-1: Ball 1-1: Grounds into double play, 6-4-3 (Groundball, 6, EV 90.6 MPH)
|
| Top of the 4th over - 0 runs, 2 hits, 0 errors, 1 left on base; Walla Walla 0 - Bellingham 2 |
| BOTTOM OF THE 4TH |
|
Bellingham Mariners batting - Pitching for Walla Walla Walleyes : RHP Jorge Espinoza
|
|
Batting: LHB Daniel Stryffeler
|
0-0: DOUBLE (Line Drive, 5D, EV 96.9 MPH)
|
|
Batting: SHB Joseph Henderson
|
0-0: Foul Ball, location: 2F 0-1: SINGLE (Line Drive, 89M, EV 91.3 MPH) Daniel Stryffeler to third
|
|
Batting: RHB Hector Rivera
|
0-0: Called Strike 0-1: Ball 1-1: Foul Ball, location: 2F 1-2: Grounds into double play, 5-4-3 (Groundball, 56, EV 85.6 MPH) Daniel Stryffeler scores
|
|
Batting: RHB Jeff Datz
|
0-0: Fly out, F6 (Popup, 4MS, EV 81.3 MPH)
|
| Bottom of the 4th over - 1 run, 2 hits, 0 errors, 0 left on base; Walla Walla 0 - Bellingham 3 |
| TOP OF THE 5TH |
|
Walla Walla Walleyes batting - Pitching for Bellingham Mariners : RHP Anthony Stearns
|
|
Batting: RHB Mitch Lyden
|
0-0: Ball 1-0: Foul Ball, location: 2F 1-1: Ball 2-1: Foul Ball, location: 2F 2-2: Ball 3-2: Fly out, F7 (Flyball, 7, EV 86.9 MPH)
|
|
Batting: SHB Damon Farmar
|
0-0: Called Strike 0-1: Ball 1-1: SINGLE (Line Drive, 78S, EV 91.3 MPH)
|
|
Batting: RHB John Cortez
|
0-0: Called Strike 0-1: Foul Ball, location: 2F 0-2: Foul Ball, location: 2F 0-2: Ball 1-2: Strikes out swinging
|
|
Batting: RHB Curtis Burke
|
0-0: Ball 1-0: Called Strike 1-1: Ball 2-1: Fielders Choice at 2nd, 6-4 (Groundball, 6, EV 75.6 MPH)
|
| Top of the 5th over - 0 runs, 1 hit, 0 errors, 1 left on base; Walla Walla 0 - Bellingham 3 |
| BOTTOM OF THE 5TH |
|
Bellingham Mariners batting - Pitching for Walla Walla Walleyes : RHP Jorge Espinoza
|
|
Batting: RHB Werner Lajszky
|
0-0: Called Strike 0-1: Reached on error, E5 (Groundball, 56, EV 81.3 MPH)
|
|
Batting: LHB Dan O'Regan
|
0-0: Ball 1-0: Foul Ball, location: 2F 1-1: Foul Ball, location: 2F 1-2: Ball 2-2: Ball 3-2: Base on Balls Werner Lajszky to second
|
|
Batting: RHB Norm Carrasco
|
0-0: Foul Ball, location: 2F 0-1: Swinging Strike 0-2: Ball 1-2: Foul Ball, location: 2F 1-2: Fielders Choice at 2nd, 3-6 (Groundball, 3, EV 90.0 MPH) Werner Lajszky to third
|
|
Batting: RHB Juan Delgado
|
0-0: Called Strike Norm Carrasco steals 2nd base 0-1: Fly out, F7 (Line Drive, 7, EV 96.9 MPH)
|
|
Batting: SHB Paul Felix
|
0-0: Ball 1-0: SINGLE (Line Drive, 89S, EV 94.4 MPH) Werner Lajszky scores Norm Carrasco to third Runner from 3rd tries for Home, SAFE, throw by CF to home
|
|
Batting: LHB Daniel Stryffeler
|
0-0: Ball 1-0: Ball 2-0: Called Strike 2-1: Ball 3-1: Called Strike 3-2: Base on Balls Paul Felix to second
|
|
Batting: SHB Joseph Henderson
|
0-0: Fly out, F6 (Popup, 6M, EV 58.8 MPH)
|
| Bottom of the 5th over - 2 runs, 1 hit, 1 error, 2 left on base; Walla Walla 0 - Bellingham 5 |
| TOP OF THE 6TH |
|
Walla Walla Walleyes batting - Pitching for Bellingham Mariners : RHP Anthony Stearns
|
|
Batting: SHB Mike A Brumley
|
0-0: Ball 1-0: Swinging Strike 1-1: Ball 2-1: Called Strike 2-2: Ball 3-2: Strikes out swinging, 2-3 out at first.
|
|
Batting: LHB Thomas Gertz
|
0-0: Swinging Strike 0-1: SINGLE (Line Drive, 89M, EV 89.4 MPH)
|
|
Batting: LHB Brian Hartsock
|
0-0: Ball 1-0: Ball 2-0: Foul Ball, location: 2F 2-1: Fielders Choice at 2nd, 1-6 (Groundball, P, EV 66.9 MPH)
|
|
Batting: RHB Wes Kent
|
0-0: Called Strike Brian Hartsock is caught stealing 2nd base 2-4
|
| Top of the 6th over - 0 runs, 1 hit, 0 errors, 0 left on base; Walla Walla 0 - Bellingham 5 |
| BOTTOM OF THE 6TH |
|
Bellingham Mariners batting - Pitching for Walla Walla Walleyes : RHP Jorge Espinoza
|
|
Batting: RHB Hector Rivera
|
0-0: Ball 1-0: Foul Ball, location: 2F 1-1: Foul Ball, location: 2F 1-2: Ground out 4-3 (Groundball, 4, EV 102.5 MPH)
|
|
Batting: RHB Jeff Datz
|
0-0: Called Strike 0-1: Foul Ball, location: 2F 0-2: Ball 1-2: Ball 2-2: Foul Ball, location: 2F 2-2: Foul Ball, location: 2F 2-2: Ball 3-2: Foul Ball, location: 2F 3-2: Base on Balls
|
|
Batting: RHB Werner Lajszky
|
0-0: Called Strike 0-1: Swinging Strike 0-2: SINGLE (Groundball, 34, EV 95.0 MPH) Jeff Datz to second Runner from 2nd tries for 3rd, SAFE, no throw by RF
|
|
Batting: LHB Dan O'Regan
|
0-0: Ball 1-0: Ball 2-0: Called Strike 2-1: Foul Ball, location: 2F 2-2: Fielders Choice at 2nd, 6-4 (Groundball, 6, EV 91.9 MPH) Jeff Datz scores
|
|
Batting: RHB Norm Carrasco
|
0-0: Ball 1-0: SINGLE (Groundball, 6MD, EV 104.4 MPH) Dan O'Regan to second Runner from 2nd tries for 3rd, SAFE, throw by CF made to third
|
|
Batting: RHB Juan Delgado
|
0-0: Ball 1-0: Ball 2-0: Foul Ball, location: 2F 2-1: Ball 3-1: Ground out 4-3 (Groundball, 34, EV 80.0 MPH)
|
| Bottom of the 6th over - 1 run, 2 hits, 0 errors, 2 left on base; Walla Walla 0 - Bellingham 6 |
| TOP OF THE 7TH |
|
Walla Walla Walleyes batting - Pitching for Bellingham Mariners : RHP Anthony Stearns
|
|
Batting: RHB Wes Kent
|
0-0: Ball 1-0: Fly out, F8 (Flyball, 8RXD, EV 101.9 MPH)
|
|
Batting: SHB Jeff McKnight
|
0-0: Ground out 5-3 (Groundball, 56, EV 78.1 MPH)
|
|
Batting: RHB Mitch Lyden
|
0-0: Fly out, F6 (Flyball, 56D, EV 81.9 MPH)
|
| Top of the 7th over - 0 runs, 0 hits, 0 errors, 0 left on base; Walla Walla 0 - Bellingham 6 |
| BOTTOM OF THE 7TH |
|
Bellingham Mariners batting - Pitching for Walla Walla Walleyes : RHP Jorge Espinoza
|
|
Pitching: LHP Mike C Jones
|
|
|
Batting: SHB Paul Felix
|
0-0: Fly out, F8 (Line Drive, 8LD, EV 95.6 MPH)
|
|
Batting: LHB Daniel Stryffeler
|
0-0: Swinging Strike 0-1: Ball 1-1: Ball 2-1: Swinging Strike 2-2: DOUBLE (Groundball, 3L, EV 100.0 MPH)
|
|
Batting: SHB Joseph Henderson
|
0-0: Ball 1-0: Called Strike 1-1: Swinging Strike 1-2: Ball 2-2: Ball 3-2: Strikes out swinging
|
|
Batting: RHB Hector Rivera
|
0-0: Called Strike 0-1: Fly out, F4 (Popup, 4M, EV 55.0 MPH)
|
| Bottom of the 7th over - 0 runs, 1 hit, 0 errors, 1 left on base; Walla Walla 0 - Bellingham 6 |
| TOP OF THE 8TH |
|
Walla Walla Walleyes batting - Pitching for Bellingham Mariners : RHP Anthony Stearns
|
|
Batting: SHB Damon Farmar
|
0-0: Fly out, F8 (Flyball, 8RXD, EV 83.8 MPH)
|
|
Batting: RHB John Cortez
|
0-0: Ball 1-0: Foul Ball, location: 2F 1-1: Ground out U3 (Groundball, 34, EV 79.4 MPH)
|
|
Batting: RHB Curtis Burke
|
0-0: Fly out, F9 (Flyball, 89M, EV 86.3 MPH)
|
| Top of the 8th over - 0 runs, 0 hits, 0 errors, 0 left on base; Walla Walla 0 - Bellingham 6 |
| BOTTOM OF THE 8TH |
|
Bellingham Mariners batting - Pitching for Walla Walla Walleyes : LHP Mike C Jones
|
|
Batting: RHB Jeff Datz
|
0-0: Ball 1-0: Fly out, F8 (Flyball, 8LS, EV 88.1 MPH)
|
|
Batting: RHB Werner Lajszky
|
0-0: Ball 1-0: Swinging Strike 1-1: Ground out 5-3 (Groundball, 56, EV 88.8 MPH)
|
|
Batting: LHB Dan O'Regan
|
0-0: Ball 1-0: Ball 2-0: Ball 3-0: Base on Balls
|
|
Batting: RHB Norm Carrasco
|
0-0: Fly out, F6 (Popup, 6M, EV 75.6 MPH)
|
| Bottom of the 8th over - 0 runs, 0 hits, 0 errors, 1 left on base; Walla Walla 0 - Bellingham 6 |
| TOP OF THE 9TH |
|
Walla Walla Walleyes batting - Pitching for Bellingham Mariners : RHP Anthony Stearns
|
|
Batting: SHB Mike A Brumley
|
0-0: Ball 1-0: Called Strike 1-1: Foul Ball, location: 2F 1-2: Foul Ball, location: 2F 1-2: SINGLE (Line Drive, 5D, EV 97.5 MPH)
|
|
Batting: LHB Thomas Gertz
|
0-0: Ball 1-0: Called Strike 1-1: Ball 2-1: Fielders Choice at 2nd, 3-6 (Groundball, 34, EV 96.3 MPH)
|
|
Batting: LHB Brian Hartsock
|
0-0: Called Strike 0-1: Fielders Choice at 2nd, 1-4 (Groundball, 15, EV 65.0 MPH)
|
|
Batting: RHB Wes Kent
|
0-0: Ball 1-0: Foul Ball, location: 2F 1-1: Ball 2-1: Fly out, F4 (Flyball, 34D, EV 95.0 MPH)
|
| Top of the 9th over - 0 runs, 1 hit, 0 errors, 1 left on base; Walla Walla 0 - Bellingham 6 |
|